 Dungeon Crawl Stone Soup version 0.17.1-2-g5865329 (webtiles) character file.

321023 Clownie the Eclecticist (level 21, -2/183 HPs)
             Began as a Naga Wizard on Jan 29, 2016.
             Was a Priest of Cheibriados.
             Killed by a mummy priest's death curse (28 damage)
             ... in a wizard's laboratory.
             The game lasted 01:54:46 (45705 turns).

Clownie the Eclecticist (Naga Wizard)              Turns: 45705, Time: 01:54:46

Health: -2/183     AC: 36    Str: 26    XL:     21   Next: 51%
Magic:  15/40      EV:  8    Int: 42    God:    Cheibriados [***...]
Gold:   2040       SH: 14    Dex: 16    Spells: 9 memorised, 23 levels left

rFire  . . .     SeeInvis +     a - +8 short sword (elec)
rCold  . . .     Clarity  .     S - +3 plate armour
rNeg   + . .     SustAt   .     N - +1 shield {rN+}
rPois  +         Gourm    .     (no helmet)
rElec  .         Spirit   .     c - +1 cloak of Gethroime {Str+4 Stlth+}
rCorr  .         Warding  .     i - +1 pair of gloves
rMut   .         Stasis   .     R - +2 naga barding {Fly}
MR     +++..                    z - amulet of regeneration
Stlth  +++.......               X - ring of protection from magic
                                r - ring "Poiqao" {Str+3 Int+6}

@: flying, repel missiles, very slow, extremely resistant to hostile
enchantments, fairly stealthy
A: claws 1, rough black scales 1, see invisible, clumsy 1, deformed body, poison
resistance, slowness 2, slow metabolism 1, spit poison 2, strong 1, constrict 1,
AC +7
a: Spit Poison, Bend Time, Temporal Distortion, Renounce Religion, Stop Flying
}: 2/15 runes: decaying, serpentine


You were in a wizard's laboratory.
You worshipped Cheibriados.
Cheibriados was most pleased with you.
You were near starving.

You visited 8 branches of the dungeon, and saw 41 of its levels.
You visited 1 bazaar.
You also visited: Sewer, Ossuary, Ice Cave and Wizlab.

You collected 4359 gold pieces.
You spent 2319 gold pieces at shops.

Inventory:

Hand Weapons
 a - a +8 short sword of electrocution (weapon)
 b - a +5 blowgun
 A - the +8 whip "Snakebite" {curare, rPois}
   (You found it on level 8 of the Lair of Beasts)

   It poisons the flesh of those it strikes.
   It protects you from poison.
Armour
 c - the +1 cloak of Gethroime (worn) {Str+4 Stlth+}
   (You acquired it on level 12 of the Dungeon)

   It affects your strength (+4).
   It makes you more stealthy.
 i - a +1 pair of gloves (worn)
 N - a +1 shield of positive energy (worn)
 R - a +2 naga barding of flying (worn)
 S - a +3 plate armour (worn)
Jewellery
 r - the ring "Poiqao" (left hand) {Str+3 Int+6}
   (You found it on level 4 of the Dungeon)

   [ring of strength]

   It affects your strength (+3).
   It affects your intelligence (+6).
 u - an uncursed ring of protection from fire
 z - an amulet of regeneration (around neck)
 D - an uncursed amulet of clarity
 E - an uncursed amulet of resist corrosion
 X - a ring of protection from magic (right hand)
Wands
 o - a wand of digging (1)
 t - a wand of disintegration (8)
 I - a wand of fire (0)
 Z - a wand of draining (3)
Scrolls
 g - a scroll of silence
 h - 14 scrolls of remove curse
 j - 3 scrolls of blinking
 k - 3 scrolls of immolation
 l - 10 scrolls of identify
 n - 4 scrolls of amnesia
 q - 6 scrolls of recharging
 s - 6 scrolls of fear
 v - 5 scrolls of enchant armour
 y - a scroll of vulnerability
 B - 2 scrolls of summoning
 G - 6 scrolls of enchant weapon
 H - 5 scrolls of magic mapping
 K - a scroll of brand weapon
 T - 2 scrolls of fog
 W - 2 scrolls of holy word
Potions
 m - a potion of invisibility
 w - 2 potions of might
 x - 7 potions of brilliance
 C - a potion of resistance
 J - a potion of cancellation
 L - a potion of cure mutation
 M - 2 potions of magic
 U - 10 potions of curing
 Y - 5 potions of agility
Miscellaneous
 f - a stone of tremors
 p - an ornate deck of summoning {drawn: 7}
 P - a legendary deck of defence {drawn: 3}
 V - a crystal ball of energy
Comestibles
 d - 22 bread rations
 F - 3 beef jerkies
 O - a meat ration
 Q - 2 fruits


   Skills:
 - Level 10.0 Fighting
 - Level 10.0 Short Blades
 - Level 11.1 Maces & Flails
 - Level 10.1 Armour
 - Level 10.0 Dodging
 - Level 13.0 Stealth
 - Level 11.1 Shields
 - Level 15.1 Spellcasting
 + Level 13.1 Conjurations
 - Level 1.0 Summonings
 - Level 1.0 Translocations
 + Level 12.2 Ice Magic
 - Level 12.1 Invocations


You had 23 spell levels left.
You knew the following spells:

 Your Spells              Type           Power        Failure   Level  Hunger
a - Magic Dart            Conj           ####         1%          1    None
b - Call Imp              Summ           #####...     12%         2    None
c - Conjure Flame         Conj/Fire      ######..     1%          3    None
d - Mephitic Cloud        Conj/Pois/Air  ######..     4%          3    None
e - Repel Missiles        Chrm/Air       ####..       14%         2    None
f - Apportation           Tloc           #####.....   8%          1    None
g - Cause Fear            Hex            ####......   86%         4    None
h - Ensorcelled Hibernat  Hex/Ice        ######       1%          2    None
i - Glaciate              Conj/Ice       #######...   100%        9    ######.


Dungeon Overview and Level Annotations

Branches:
Dungeon (15/15)            Temple (1/1) D:6            Lair (8/8) D:10
  Swamp (4/4) Lair:6        Snake (4/4) Lair:6        Slime (0/6) Lair:8
    Orc (4/4) D:12            Elf (2/3) Orc:3        Vaults (3/5) D:13
  Crypt (0/3) Vaults:2     Depths (0/5) D:15

Altars:
Ashenzari
Cheibriados
Dithmenos
Elyvilon
Fedhas
Gozag
Kikubaaqudgha
Makhleb
Nemelex Xobeh
Okawaru
Qazlal
Ru
Sif Muna
Trog
Vehumet
Xom
Yredelemnul
Zin
The Shining One
Beogh

Shops:
D:15 }   Orc:4 (!=!   Vaults:1 %   Vaults:2 ?

Annotations:
Snake:1 exclusion: Roxanne, Roxanne
Vaults:3 Mara


Innate Abilities, Weirdness & Mutations

You cannot wear boots.
Your serpentine skin is tough (AC +7).
You have supernaturally acute eyesight.
Armour fits poorly on your strangely shaped body.
Your system is resistant to poisons.
You cover ground very slowly.
You have a slow metabolism.
You can spit poison.
You can use your snake-like lower body to constrict enemies.
You have sharp fingernails.
You are partially covered in rough black scales (AC +4, Dex -1).
You are clumsy. (Dex -2)
Your muscles are strong. (Str +2)


Message History

You constrict the mummy priest. You block the shadow wraith's attack.
You hit the mummy priest.
The mummy priest is severely damaged.
You constrict the mummy priest.
The shadow wraith hits you but does no damage.
The mummy priest hits you!!
* * * LOW HITPOINT WARNING * * *
Drink which item? (? for menu, Esc to quit)
You feel better.
You constrict the mummy priest.
The shadow wraith hits you but does no damage.
Drink which item? (? for menu, Esc to quit)
You feel better.
You constrict the mummy priest.
The mummy priest hits you but does no damage.
You block the shadow wraith's attack.
You hit the mummy priest.
You destroy the mummy priest!
Cheibriados thoroughly appreciates the change of pace.
You feel extremely nervous for a moment...
You convulse helplessly as pain tears through your body!
You die...

.......................#.
.....................§§..
.........................
..?.........?....?.......
.........................
........?................
......................§#.
.......W................?
........@...............#
...?.....................
.........................
.........................
................#....###.
......###................
................#....###.
.......##................
.........................


You could see a shadow wraith (invisible).

Vanquished Creatures
  Mennas (Vaults:2)
  A greater mummy (WizLab)
  Vashnia (Snake:2)
  Nikola (Snake:1)
  Rupert (Orc:3)
  A sphinx (Vaults:2)
  4 thorn hunters
  2 frost giants
  4 deep elf sorcerers
  11 greater nagas
  Aizul (Snake:1)
  Louise (Snake:1)
  An orc warlord (Orc:4)
  3 vault wardens
  9 ironheart preservers
  2 stone giants
  A very ugly thing (Swamp:3)
  A salamander stormcaller (Vaults:2)
  A deep elf annihilator (Elf:1)
  Snorg (Orc:3)
  3 vault guards (Vaults:2)
  2 mummy priests (WizLab)
  Josephine (Lair:6)
  2 fire dragons (Lair:8)
  A great orb of eyes (Vaults:1)
  An ice dragon (Vaults:2)
  3 yaktaur captains
  Harold (Lair:1)
  25 hydras
  Erolcha (Orc:2)
  10 naga warriors
  The ghost of Clownie the Covert, a journeyman NaWz of Cheibriados (Lair:1)
  The ghost of Clownie the Jinx, a journeyman NaWz of Cheibriados (Orc:2)
  A deep troll shaman (Vaults:2)
  8 centaur warriors
  5 ogre magi
  14 alligators
  14 anacondas
  A deep troll earth mage (Vaults:1)
  9 shock serpents
  23 naga sharpshooters
  5 orc high priests (Orc:4)
  Urug (Lair:4)
  A spriggan berserker (Swamp:3)
  8 deep elf knights
  Sonja (Lair:1)
  Nergalle (D:11)
  3 fire crabs
  A skeletal warrior (D:13)
  6 sea snakes
  A salamander mystic (Snake:3)
  4 spriggan druids (Swamp:3)
  13 naga ritualists
  3 deep elf summoners (Elf:1)
  6 deep trolls
  2 wizards
  2 unseen horrors
  A necromancer (D:15)
  14 swamp dragons
  3 shambling mangroves
  3 lindwurms
  7 hill giants
  9 orc knights
  9 deep elf conjurers
  32 ugly things
  2 wolf spiders
  20 mana vipers
  4 ironbrand convokers
  10 salamanders
  4 hornets
  8 orc sorcerers
  7 cyclopes
  3 manticores
  15 vault sentinels
  6 griffons
  A demonspawn zombie (WizLab)
  3 elephants (Lair:6)
  53 black mambas
  A gargoyle (D:10)
  A guardian serpent (Snake:4)
  7 torpor snails
  7 kobold demonologists
  36 naga magi
  16 komodo dragons
  A redback zombie (D:15)
  2 yaktaur zombies (WizLab)
  6 centaur skeletons
  23 spiny frogs
  9 yaktaurs
  A guardian mummy (WizLab)
  3 fire drakes
  A queen bee (D:9)
  The ghost of sKa the Shield-Bearer, an amateur DDFi (D:6)
  19 blink frogs
  5 deep elf priests
  3 freezing wraiths
  14 two-headed ogres
  9 trolls
  11 giant leeches
  A tengu conjurer (D:15)
  12 bog bodies
  An ettin zombie (WizLab)
  A polar bear (shapeshifter) (Elf:1)
  A trapdoor spider zombie (D:14)
  4 slime creatures
  A harpy skeleton (D:15)
  2 boulder beetles (Vaults:2)
  A two-headed ogre (shapeshifter) (D:14)
  A spriggan zombie (WizLab)
  A stone giant simulacrum (Vaults:2)
  A fire dragon zombie (WizLab)
  A trapdoor spider (shapeshifter) (Vaults:3)
  2 deep troll zombies (WizLab)
  3 shadows
  A centaur simulacrum (D:14)
  5 spriggans
  A trapdoor spider (D:14)
  A frost giant simulacrum (Vaults:3)
  6 wraiths
  17 deep elf magi
  4 wyverns
  17 deep elf fighters
  A steam dragon (Lair:8)
  34 yaks
  2 vampires
  Eustachio (D:11)
  13 hippogriffs
  Grum (Lair:1)
  6 basilisks
  20 vampire mosquitoes
  3 hungry ghosts
  4 mottled dragons
  30 wolves
  21 insubstantial wisps
  19 swamp worms
  2 wargs
  5 ice beasts
  13 porcupines
  54 nagas
  2 phantoms (D:6)
  An ettin simulacrum (Vaults:2)
  A black bear (Lair:2)
  11 wasps
  3 necrophages
  8 spiders (D:9)
  19 water moccasins
  61 orc warriors
  14 swamp drakes
  3 sky beasts
  15 centaurs
  23 crocodiles
  A boggart (Vaults:2)
  11 big kobolds
  47 ogres
  Blork the orc (D:11)
  A giant frog (shapeshifter) (Vaults:2)
  24 giant frogs
  A wyvern zombie (D:11)
  3 brain worms (Lair:8)
  A gnoll sergeant (D:8)
  2 wyvern skeletons (D:13)
  5 scorpions
  A water moccasin zombie (Ossuary)
  3 troll zombies (Swamp:1)
  48 killer bees
  2 electric eels
  28 wights
  2 quasits
  A troll skeleton (Swamp:1)
  37 orc wizards
  A giant frog zombie (D:7)
  11 hounds
  4 jellies
  3 centaur zombies
  6 crimson imps
  4 giant frog skeletons
  45 orc priests
  2 two-headed ogre zombies (Orc:2)
  7 worker ants
  Terence (D:3)
  19 sheep
  14 iguanas
  A big kobold zombie (Ossuary)
  2 mummies (Ossuary)
  2 hound skeletons (D:6)
  15 gnolls
  106 river rats
  15 adders
  12 white imps (Lair:2)
  8 shadow imps
  3 oozes
  8 adder zombies (Ossuary)
  18 worms
  7 giant geckos
  278 orcs
  7 giant cockroaches
  9 hobgoblins
  7 jackals (D:10)
  5 quokkas
  4 ball pythons
  A ball python skeleton (D:4)
  9 bats
  A giant gecko skeleton (D:4)
  5 giant newts
  5 gnoll zombies (Ossuary)
  11 goblins
  4 hobgoblin zombies (Ossuary)
  30 kobolds
  5 kobold zombies (Ossuary)
  3 orc zombies (Ossuary)
  10 rats
  3 briar patches (Swamp:3)
  A plant (Lair:8)
2029 creatures vanquished.

Vanquished Creatures (collateral kills)
  A hydra (Lair:3)
  A naga ritualist (Snake:2)
  A salamander (Snake:2)
  A spiny frog (Lair:3)
  A black mamba (Snake:4)
  A giant frog (Lair:3)
  2 worker ants (D:6)
  A giant cockroach (D:6)
  2 butterflies (D:6)
  A plant (Lair:3)
12 creatures vanquished.

Vanquished Creatures (others)
  A thorn hunter (Swamp:4)
  A giant leech (Swamp:4)
  A wasp (Swamp:4)
  An orc (Orc:2)
  A briar patch (Swamp:3)
  54 fungi
  43 plants
102 creatures vanquished.

Grand Total: 2143 creatures vanquished

Notes
Turn   | Place    | Note
--------------------------------------------------------------
     0 | D:1      | Clownie the Naga Wizard began the quest for the Orb.
     0 | D:1      | Reached XP level 1. HP: 15/15 MP: 4/4
   225 | D:1      | Reached XP level 2. HP: 22/22 MP: 0/6
   287 | D:1      | Learned a level 2 spell: Call Imp
   575 | D:1      | Reached skill level 4 in Stealth
   974 | D:2      | Reached XP level 3. HP: 28/28 MP: 4/7
  1257 | D:2      | Found a white marble altar of Elyvilon.
  1501 | D:2      | Reached XP level 4. HP: 36/36 MP: 6/9
  1991 | D:3      | Reached XP level 5. HP: 15/42 MP: 1/10
  2214 | D:3      | Noticed Terence
  2222 | D:3      | Killed Terence
  2222 | D:3      | Reached skill level 5 in Stealth
  2797 | D:3      | Reached XP level 6. HP: 44/49 MP: 5/11
  2929 | D:3      | Learned a level 3 spell: Conjure Flame
  2933 | D:3      | Learned a level 3 spell: Mephitic Cloud
  3022 | D:4      | Got a sparkling pewter ring
  3023 | D:4      | Identified the ring "Poiqao" {Str+3 Int+6} (You found it on level 4 of the Dungeon)
  3213 | D:4      | Reached skill level 6 in Stealth
  3400 | D:4      | Reached skill level 5 in Conjurations
  3400 | D:4      | Reached XP level 7. HP: 55/55 MP: 7/13
  3504 | D:5      | Entered Level 5 of the Dungeon
  3763 | D:5      | Reached skill level 7 in Stealth
  3781 | D:5      | Found a glowing drain.
  3815 | Sewer    | Entered a sewer
  3959 | Sewer    | Reached skill level 8 in Stealth
  3959 | Sewer    | Reached skill level 5 in Spellcasting
  4158 | Sewer    | Reached XP level 8. HP: 54/62 MP: 5/16
  4212 | D:5      | Reached skill level 9 in Stealth
  4314 | D:5      | Gained mutation: You regenerate slowly when monsters are visible. [mutagenic meat]
  4315 | D:5      | Gained mutation: You have sharp fingernails. [mutagenic meat]
  4316 | D:5      | Gained mutation: You are partially covered in thin metallic scales (AC +2). [mutagenic meat]
  4317 | D:5      | Gained mutation: You have a pair of small horns on your head. [mutagenic meat]
  4319 | D:5      | Lost mutation: You regenerate slowly when monsters are visible. [mutagenic meat]
  4502 | D:6      | Noticed sKa's ghost (amateur DDFi)
  4527 | D:6      | Killed sKa's ghost
  4834 | D:6      | Found a runed door.
  4864 | D:6      | Learned a level 2 spell: Repel Missiles
  4887 | D:6      | Reached skill level 1 in Short Blades
  5017 | D:6      | Reached skill level 1 in Fighting
  5121 | D:6      | Found a runed door.
  5305 | D:6      | Reached XP level 9. HP: 72/72 MP: 18/18
  5317 | D:6      | Found a staircase to the Ecumenical Temple.
  5322 | Temple   | Entered the Ecumenical Temple
  5334 | Temple   | Became a worshipper of Cheibriados the Contemplative
  6031 | D:7      | Reached * piety under Cheibriados
  6572 | D:7      | Got a slimy mace
  6573 | D:7      | Identified the +7 mace of a Hundred Dances {venom, +Rage rPois Stlth+} (You found it on level 7 of the Dungeon)
  6849 | D:7      | Reached skill level 5 in Short Blades
  6941 | D:7      | Found a sparkling altar of Nemelex Xobeh.
  7015 | D:7      | Reached ** piety under Cheibriados
  7184 | D:8      | Found a sand-covered staircase.
  7202 | Ossuary  | Entered an ossuary
  7378 | Ossuary  | Reached *** piety under Cheibriados
  7632 | D:8      | Reached XP level 10. HP: 58/85 MP: 17/21
  7867 | D:8      | Reached **** piety under Cheibriados
  8202 | D:9      | Reached skill level 5 in Fighting
  8208 | D:9      | Reached ***** piety under Cheibriados
  9295 | D:9      | Reached XP level 11. HP: 52/97 MP: 15/23
  9618 | D:10     | Entered Level 10 of the Dungeon
 10701 | D:10     | Found a staircase to the Lair.
 11001 | D:10     | Got a vibrating pewter amulet
 11011 | D:10     | Reached ****** piety under Cheibriados
 11028 | D:10     | Found a blossoming altar of Fedhas.
 11280 | D:10     | Reached skill level 10 in Short Blades
 11349 | D:10     | Reached skill level 1 in Invocations
 11637 | Lair:1   | Entered Level 1 of the Lair of Beasts
 11678 | Lair:1   | Noticed Clownie's ghost (journeyman NaWz)
 11691 | Lair:1   | Identified the amulet of Dissent {Inacc *Corrode Int+6} (You found it on level 10 of the Dungeon)
 11711 | Lair:1   | Killed Clownie's ghost
 11997 | Lair:1   | Reached skill level 5 in Invocations
 12268 | Lair:1   | Noticed Grum
 12284 | Lair:1   | Killed Grum
 12579 | Lair:1   | Noticed Harold
 12597 | Lair:1   | Killed Harold
 12624 | Lair:1   | Noticed Sonja
 12628 | Lair:1   | Killed Sonja
 13005 | Lair:2   | Reached skill level 1 in Armour
 13005 | Lair:2   | Reached XP level 12. HP: 86/109 MP: 19/25
 13031 | Lair:2   | Found a frozen archway.
 13051 | IceCv    | Entered an ice cave
 13055 | IceCv    | Noticed flt's ghost (journeyman DsBe)
 14161 | Lair:3   | Reached skill level 5 in Armour
 14307 | Lair:3   | Noticed a seven-headed hydra
 14310 | Lair:3   | Killed a seven-headed hydra
 14340 | Lair:3   | Noticed a four-headed hydra
 14348 | Lair:3   | Killed a four-headed hydra
 14930 | Lair:4   | Noticed a seven-headed hydra
 14933 | Lair:4   | Killed a seven-headed hydra
 14941 | Lair:4   | Noticed Urug
 14967 | Lair:4   | Killed Urug
 15048 | Lair:4   | Noticed a seven-headed hydra
 15163 | Lair:4   | Killed a seven-headed hydra
 15495 | Lair:4   | Gained mutation: You can use your snake-like lower body to constrict enemies. [Naga growth]
 15495 | Lair:4   | Reached XP level 13. HP: 66/115 MP: 15/26
 15875 | Lair:4   | Noticed a seven-headed hydra
 15882 | Lair:4   | Killed a seven-headed hydra
 15888 | Lair:4   | Noticed a seven-headed hydra
 15895 | Lair:4   | Killed a seven-headed hydra
 16475 | Lair:5   | Reached skill level 10 in Armour
 17388 | Lair:6   | Found a staircase to the Snake Pit.
 17458 | Lair:6   | Noticed Josephine
 17466 | Lair:6   | Killed Josephine
 17655 | Lair:6   | Reached skill level 5 in Dodging
 18214 | Lair:6   | Gained mutation: Your muscles are strong. (Str +2) [potion of beneficial mutation]
 18319 | Lair:6   | Found a staircase to the Swamp.
 18712 | Lair:7   | Reached XP level 14. HP: 84/123 MP: 27/27
 19657 | Lair:8   | Entered Level 8 of the Lair of Beasts
 19698 | Lair:8   | Found a staircase to the Slime Pits.
 19890 | Lair:8   | Found a runed door.
 20909 | Lair:8   | Reached skill level 10 in Dodging
 20937 | Lair:8   | Reached skill level 1 in Maces & Flails
 21340 | Lair:8   | Reached skill level 5 in Maces & Flails
 22397 | D:11     | Reached XP level 15. HP: 80/129 MP: 28/28
 22398 | D:11     | Noticed Eustachio
 22398 | D:11     | Noticed Blork the orc
 22407 | D:11     | Killed Blork the orc
 22412 | D:11     | Killed Eustachio
 22910 | D:11     | Noticed Nergalle
 22924 | D:11     | Killed Nergalle
 23414 | D:12     | Found a staircase to the Orcish Mines.
 23490 | D:12     | Found a shattered altar of Ashenzari.
 24166 | D:13     | Reached skill level 10 in Maces & Flails
 24930 | D:13     | Found a gate to the Vaults.
 25249 | D:14     | Learned a level 1 spell: Apportation
 25388 | D:14     | Reached skill level 11 in Maces & Flails
 25544 | D:14     | Found a flickering gateway to a bazaar.
 25550 | Bazaar   | Entered a bazaar
 25555 | Bazaar   | Found Ypsimu's Antique Weapon Shoppe.
 25563 | Bazaar   | Found Vestrag's Distillery.
 25571 | Bazaar   | Bought a potion of berserk rage for 45 gold pieces
 25571 | Bazaar   | Bought a potion of heal wounds for 45 gold pieces
 25571 | Bazaar   | Bought a potion of invisibility for 72 gold pieces
 25571 | Bazaar   | Bought a potion of haste for 90 gold pieces
 25571 | Bazaar   | Bought a potion of curing for 27 gold pieces
 25571 | Bazaar   | Bought a potion of agility for 36 gold pieces
 25571 | Bazaar   | Bought a potion of curing for 27 gold pieces
 25577 | Bazaar   | Found Suusaem's General Store.
 25585 | Bazaar   | Bought 2 scrolls of identify for 48 gold pieces
 25585 | Bazaar   | Bought a scroll of identify for 24 gold pieces
 25585 | Bazaar   | Bought a scroll of identify for 24 gold pieces
 25598 | Bazaar   | Found Mebuy's Jewellery Emporium.
 25598 | Bazaar   | Found Doiw's Antique Armour Emporium.
 25607 | Bazaar   | Bought an uncursed amulet of regeneration for 420 gold pieces
 25617 | Bazaar   | Bought a glowing cloak for 99 gold pieces
 25622 | Bazaar   | Bought a shiny shield for 99 gold pieces
 26019 | D:15     | Entered Level 15 of the Dungeon
 26109 | D:15     | Reached skill level 5 in Shields
 26255 | D:15     | Found Far Taeb's Gadget Boutique.
 26300 | D:15     | Found a staircase to the Depths.
 26885 | D:15     | Reached XP level 16. HP: 138/138 MP: 29/29
 27296 | Orc:1    | Entered Level 1 of the Orcish Mines
 27970 | Orc:2    | Noticed Clownie's ghost (journeyman NaWz)
 27984 | Orc:2    | Killed Clownie's ghost
 28183 | Orc:2    | Noticed Erolcha
 28187 | Orc:2    | Killed Erolcha
 28433 | Orc:3    | Found a staircase to the Elven Halls.
 28527 | Orc:3    | Noticed Snorg
 28536 | Orc:3    | Killed Snorg
 29033 | Orc:3    | Noticed Rupert
 29034 | Orc:3    | Paralysed by Rupert for 3 turns
 29045 | Orc:3    | Killed Rupert
 29125 | Orc:4    | Entered Level 4 of the Orcish Mines
 29415 | Orc:4    | Found Quidal's Distillery.
 29437 | Orc:4    | Bought a potion of curing for 48 gold pieces
 29437 | Orc:4    | Bought a potion of might for 64 gold pieces
 29437 | Orc:4    | Bought a potion of curing for 48 gold pieces
 29437 | Orc:4    | Bought a potion of resistance for 160 gold pieces
 29437 | Orc:4    | Bought a potion of agility for 64 gold pieces
 29437 | Orc:4    | Bought a potion of agility for 64 gold pieces
 29443 | Orc:4    | Found Cirreaza's Weapon Emporium.
 29486 | Orc:4    | Found a roughly hewn altar of Beogh.
 29515 | Orc:4    | Reached skill level 10 in Shields
 29743 | Orc:4    | Found a roughly hewn altar of Beogh.
 30038 | Orc:4    | Found Igamnecirch's Jewellery Shop.
 30161 | Orc:4    | Found Faphiaqo's Distillery.
 30172 | Orc:4    | Bought a potion of beneficial mutation for 455 gold pieces
 30340 | Orc:4    | Learned a level 4 spell: Cause Fear
 30822 | D:12     | Identified a scroll of acquirement
 30825 | D:12     | Got a fine cloak
 30836 | D:12     | Identified the +1 cloak of Gethroime {Str+4 Stlth+} (You acquired it on level 12 of the Dungeon)
 31135 | Swamp:1  | Entered Level 1 of the Swamp
 31769 | Swamp:2  | Reached skill level 10 in Stealth
 31878 | Swamp:2  | Reached XP level 17. HP: 133/146 MP: 30/30
 33114 | Swamp:3  | Reached skill level 10 in Spellcasting
 33553 | Swamp:4  | Entered Level 4 of the Swamp
 33643 | Swamp:4  | Reached skill level 10 in Invocations
 33654 | Swamp:4  | Reached skill level 12 in Stealth
 34140 | Swamp:4  | Got a decaying rune of Zot
 34534 | Snake:1  | Entered Level 1 of the Snake Pit
 34594 | Snake:1  | Reached skill level 13 in Stealth
 34594 | Snake:1  | Reached XP level 18. HP: 148/160 MP: 32/32
 34663 | Snake:1  | Gained mutation: Your body sometimes deteriorates upon taking damage. [potion of mutation]
 34663 | Snake:1  | Gained mutation: You expend magic power (3 MP) to strengthen your wands. [potion of mutation]
 34749 | Snake:1  | Reached skill level 10 in Fighting
 34858 | Snake:1  | Noticed Nikola
 34876 | Snake:1  | Killed Nikola
 35032 | Snake:1  | Noticed Roxanne
 35087 | Snake:1  | Noticed Louise
 35095 | Snake:1  | Noticed Aizul
 35115 | Snake:1  | Killed Aizul
 35193 | Snake:1  | Killed Louise
 35812 | Snake:1  | Learned a level 2 spell: Ensorcelled Hibernation
 35847 | Snake:2  | Noticed Vashnia
 36138 | Snake:2  | Reached skill level 1 in Ice Magic
 36353 | Snake:2  | Killed Vashnia
 37153 | Snake:3  | Found a bloodstained altar of Trog.
 37177 | Snake:3  | Reached XP level 19. HP: 168/168 MP: 35/35
 37795 | Snake:3  | Reached skill level 5 in Ice Magic
 38621 | Snake:4  | Entered Level 4 of the Snake Pit
 39947 | Snake:4  | Reached XP level 20. HP: 56/176 MP: 16/37
 40157 | Snake:4  | Reached skill level 10 in Conjurations
 40194 | Snake:4  | Got a serpentine rune of Zot
 40789 | D:12     | Learned a level 9 spell: Glaciate
 40868 | Vaults:1 | Entered Level 1 of the Vaults
 41160 | Vaults:1 | Reached skill level 14 in Spellcasting
 41928 | Vaults:1 | Found Ifaoxiu's Food Emporium.
 42590 | Vaults:2 | Found a staircase to the Crypt.
 42590 | Vaults:2 | Found a basalt altar of Yredelemnul.
 42591 | Vaults:2 | Found an ancient bone altar of Kikubaaqudgha.
 42633 | Vaults:2 | Reached skill level 10 in Ice Magic
 42641 | Vaults:2 | Gained mutation: Your muscles are very strong. (Str +4) [mutagenic meat]
 42642 | Vaults:2 | Gained mutation: You are agile. (Dex +2) [mutagenic meat]
 42643 | Vaults:2 | Lost mutation: Your muscles are very strong. (Str +4) [mutagenic meat]
 42696 | Vaults:2 | Found Wuilit's Magic Scroll Shop.
 42721 | Vaults:2 | Bought a scroll of recharging for 152 gold pieces
 42721 | Vaults:2 | Bought a scroll of magic mapping for 56 gold pieces
 42721 | Vaults:2 | Bought a scroll of summoning for 152 gold pieces
 43180 | Vaults:2 | Gained mutation: Your body often deteriorates upon taking damage. [mutagenic meat]
 43608 | Vaults:2 | Noticed Mennas
 43633 | Vaults:2 | Killed Mennas
 43643 | Vaults:2 | Lost mutation: Your muscles are strong. (Str +2) [mutagenic meat]
 43644 | Vaults:2 | Gained mutation: You are occasionally teleported next to monsters. [mutagenic meat]
 43645 | Vaults:2 | Lost mutation: You have a pair of small horns on your head. [potion of cure mutation]
 43645 | Vaults:2 | Lost mutation: You are agile. (Dex +2) [potion of cure mutation]
 43645 | Vaults:2 | Lost mutation: You are partially covered in thin metallic scales (AC +2). [potion of cure mutation]
 43645 | Vaults:2 | Lost mutation: Your body often deteriorates upon taking damage. [potion of cure mutation]
 43645 | Vaults:2 | Lost mutation: Your body sometimes deteriorates upon taking damage. [potion of cure mutation]
 43646 | Vaults:2 | Lost mutation: You expend magic power (3 MP) to strengthen your wands. [potion of cure mutation]
 43646 | Vaults:2 | Lost mutation: You are occasionally teleported next to monsters. [potion of cure mutation]
 43685 | Vaults:2 | Reached XP level 21. HP: 158/183 MP: 39/39
 43716 | Vaults:2 | Gained mutation: You are clumsy. (Dex -2) [mutagenic meat]
 43717 | Vaults:2 | Gained mutation: You are partially covered in rough black scales (AC +4, Dex -1). [mutagenic meat]
 43718 | Vaults:2 | Gained mutation: Your muscles are strong. (Str +2) [mutagenic meat]
 43824 | Vaults:2 | Reached skill level 15 in Spellcasting
 44255 | Vaults:3 | Noticed Mara
 44257 | Vaults:3 | Noticed Clownie's illusion
 44290 | Vaults:3 | Noticed Clownie's illusion
 44591 | Elf:1    | Entered Level 1 of the Elven Halls
 45443 | Elf:2    | Found a magical portal.
 45457 | WizLab   | Entered Doroklohe's Tomb
 45655 | WizLab   | Noticed a greater mummy
 45674 | WizLab   | Killed a greater mummy
 45705 | WizLab   | Killed by a mummy priest's death curse

Action                   |  1- 3 |  4- 6 |  7- 9 | 10-12 | 13-15 | 16-18 | 19-21 || total
-------------------------+-------+-------+-------+-------+-------+-------+-------++-------
Melee: Mace              |     1 |    13 |    25 |       |       |       |       ||    39
       Short sword       |       |       |    95 |   443 |   710 |  1069 |   596 ||  2913
       Staff             |       |       |    19 |       |       |       |       ||    19
       Whip              |       |       |       |       |   598 |   687 |  1079 ||  2364
 Cast: Magic Dart        |    60 |   116 |   415 |   495 |   212 |   125 |   175 ||  1598
       Call Imp          |       |       |     6 |     1 |     2 |       |       ||     9
       Conjure Flame     |       |       |     3 |    17 |     8 |       |       ||    28
       Mephitic Cloud    |       |       |     1 |    15 |     1 |     1 |       ||    18
       Repel Missiles    |       |       |       |     1 |       |       |    10 ||    11
Invok: Slouch            |       |       |       |     8 |    10 |    23 |    22 ||    63
       Step From Time    |       |       |       |       |     1 |       |     7 ||     8
       Temporal Distorti |       |       |       |       |       |       |     1 ||     1
 Abil: Spit Poison       |    16 |    25 |    14 |    10 |     2 |       |       ||    67
       Evoke Flight      |       |       |       |       |       |     2 |       ||     2
Evoke: Wand              |     1 |     2 |     3 |       |       |     5 |    12 ||    23
       Deck              |       |       |       |       |       |       |    10 ||    10
       Stone of tremors  |       |       |       |       |       |       |     1 ||     1
  Use: Scroll            |       |     8 |     4 |    11 |    12 |    12 |     9 ||    56
       Potion            |       |     1 |       |     7 |     1 |     6 |    17 ||    32
 Stab: Sleeping          |       |       |     2 |    11 |    37 |    26 |    15 ||    91
       Distracted        |       |       |     1 |     2 |     5 |     3 |     5 ||    16
       Confused          |       |       |       |    10 |     3 |       |     3 ||    16
       Invisible         |       |       |       |       |       |     5 |       ||     5
  Eat: Chunk             |     1 |     7 |    12 |    17 |    29 |    25 |    18 ||   109
       Meat ration       |       |       |     1 |       |       |     1 |     3 ||     5
       Royal jelly       |       |       |       |       |       |     1 |     1 ||     2
       Bread ration      |       |       |       |       |       |     1 |       ||     1
       Pizza             |       |       |       |       |       |     1 |       ||     1
       Beef jerky        |       |       |       |       |       |     1 |       ||     1
       Fruit             |       |       |       |       |       |       |     1 ||     1
